 Dungeon Crawl Stone Soup version 0.30.1 (webtiles) character file.

Game seed: 14251963522019916857

486 FallenXxXSky the Chopper (level 7, -5/52 HPs)
             Began as a Human Monk on July 8, 2023.
             Slain by a hornet (13 damage)
             ... on level 4 of the Dungeon.
             The game lasted 00:06:36 (3973 turns).

FallenXxXSky the Chopper (Human Monk)               Turns: 3973, Time: 00:06:37

Health: -5/52      AC: 12    Str: 14    XL:     7   Next: 35%
Magic:  7/7        EV:  4    Int: 10    God:
Gold:   104        SH:  0    Dex: 15    Spells: 6/6 levels left

rFire   . . .        a - +0 hand axe
rCold   . . .        d - orb {light}
rNeg    . . .        o - +0 plate armour
rPois   .            c - +1 helmet
rElec   .            (no cloak)
rCorr   .            (no gloves)
SInv    +            (no boots)
Will    .....        (no amulet) Stlth
                     f - ring of see invisible
HPRegen 0.28/turn    (no ring)
MPRegen 0.10/turn

%: no passive effects
@: mighty, slowed, glowing, very slow
A: no striking features
a: no special abilities


You were on level 4 of the Dungeon.
You visited 2 branches of the dungeon, and saw 5 of its levels.

You collected 179 gold pieces.
You spent 75 gold pieces at shops.

Inventory:

Hand Weapons
 a - a +0 hand axe (weapon)
Missiles
 k - 13 poisoned darts (quivered)
Armour
 c - a +1 helmet (worn)
 d - an orb of light (worn)
 o - a +0 plate armour (worn)
Jewellery
 f - a ring of see invisible (left hand)
 t - an amulet of the acrobat
Wands
 s - a wand of flame (23)
Scrolls
 g - a scroll of identify
 h - 2 scrolls of silence
 i - a scroll of teleportation
 l - a scroll of fog {unknown}
 m - 2 scrolls of blinking
 p - a scroll of noise {unknown}
 q - a scroll of fear {unknown}
 r - a scroll of poison {unknown}
Potions
 b - 3 potions of heal wounds
 e - a potion of curing
 j - 2 potions of attraction


   Skills:
 + Level 3.0 Fighting
 * Level 7.9 Axes
 + Level 0.0 Armour
 - Level 3.0 Dodging


You had 6 spell levels left.
You didn't know any spells.
Your spell library contained the following spells:

 Spells                   Type           Power      Damage    Failure   Level
 Hailstorm                Conj/Ice       0%         3d3       100%        3
 Ice Form                 Ice/Tmut       0%         N/A       100%        4
 Simulacrum               Ice/Necr       0%         N/A       100%        6


Dungeon Overview and Level Annotations

Branches:
Dungeon (4/15)             Temple (1/1) D:4

Altars:
Ashenzari
Cheibriados
Elyvilon
Fedhas
Gozag
Nemelex Xobeh
Qazlal
Trog
Uskayaw
Vehumet
Wu Jian
Xom
Yredelemnul
The Shining One

Shops:
D:3 ?

Annotations:
D:3 1 transporter


Message History

The hornet stings you but does no damage.
The hornet stings you!
You are poisoned.
You feel as though you will be slow longer.
You hit the hornet.
The hornet is heavily wounded.
You feel very sick.
The hornet stings you but does no damage.
The hornet stings you.
You feel as though you will be slow longer.
You hit the hornet.
The hornet is heavily wounded.
You feel sick. The hornet stings you.
You feel as though you will be slow longer.
The hornet stings you!
You feel as though you will be slow longer.
Okay, then.
Unknown command.
You hit the hornet but do no damage.
The hornet is heavily wounded.
You feel sick. The hornet stings you!
* * * LOW HITPOINT WARNING * * *
You are lethally poisoned!
You feel as though you will be slow longer.
The hornet stings you but does no damage.
You feel better. The hornet stings you.
* * * LOW HITPOINT WARNING * * *
You feel as though you will be slow longer.
The hornet stings you but does no damage.
You feel very mighty all of a sudden. The hornet stings you.
* * * LOW HITPOINT WARNING * * *
You feel as though you will be slow longer.
The hornet stings you but does no damage. x2
Okay, then.
Okay, then.
You barely miss the hornet.
The hornet is moderately wounded.
The hornet barely misses you. The hornet stings you!
You die...

...........
###...#### #.[##
#..†#
###.....####
#####.....#######
#..........# ####
#..........# #..#
#.....y@...#####
#..#####
###!.#####.....##
.......# #.
##.......##
#..###.#
#.........# #...#
#.........# ....#
.. #.........#
#.#.......
.###.........#
#.#.###.#
.............#
#.#.#...
#......)....##


You could see a hornet.

Vanquished Creatures
  Grinder (D:3)
  A hound (D:4)
  Natasha (thrice) (D:2)
  Robin (D:2)
  6 adders
  A shadow imp (D:4)
  2 dart slugs
  5 worms
  8 orcs
  11 ball pythons
  12 endoplasms
  10 hobgoblins
  A quokka (D:3)
  5 bats
  3 frilled lizards
  11 goblins
  8 kobolds
  10 rats
99 creatures vanquished.

Notes
Turn   | Place    | Note
-------+----------+-------------------------------------------
     0 | D:1      | FallenXxXSky the Human Monk began the quest for the Orb.
     0 | D:1      | Reached XP level 1. HP: 18/18 MP: 1/1
   146 | D:1      | Reached XP level 2. HP: 20/24 MP: 2/2
   607 | D:1      | Reached skill level 4 in Axes
   607 | D:1      | Reached XP level 3. HP: 22/29 MP: 3/3
   998 | D:2      | Noticed Robin
  1001 | D:2      | Noticed Natasha
  1011 | D:2      | HP: 1/29 [Robin/+0 falchion (4)]
  1023 | D:2      | Reached XP level 4. HP: 26/35 MP: 4/4
  1025 | D:2      | Killed Robin
  1037 | D:2      | Killed Natasha
  1038 | D:2      | Reached skill level 5 in Axes
  1249 | D:2      | Noticed Natasha
  1260 | D:2      | Killed Natasha
  1261 | D:2      | Reached XP level 5. HP: 25/41 MP: 5/5
  2115 | D:2      | Noticed Natasha
  2124 | D:2      | Killed Natasha
  2125 | D:2      | Reached skill level 6 in Axes
  2294 | D:3      | Found an opulent altar of Gozag.
  2306 | D:3      | Found Zuplaev's Magic Scroll Shop.
  2320 | D:3      | Bought a scroll of blinking for 75 gold pieces
  2357 | D:3      | Reached XP level 6. HP: 47/47 MP: 6/6
  2460 | D:3      | Noticed Grinder
  2653 | D:3      | Paralysed by Grinder for 3 turns
  2687 | D:3      | Paralysed by Grinder for 2 turns
  2704 | D:3      | Killed Grinder
  2705 | D:3      | Reached skill level 7 in Axes
  2705 | D:3      | Reached XP level 7. HP: 27/52 MP: 7/7
  3077 | D:3      | Found a transporter.
  3093 | D:3      | Found a transporter.
  3595 | D:4      | Found a staircase to the Ecumenical Temple.
  3617 | Temple   | Entered the Ecumenical Temple
  3962 | D:4      | Noticed a hornet
  3973 | D:4      | Slain by a hornet

Illustrated notes

Levels and vault maps discovered:
D:1:      dpeg_arrival_three_bigger_balls, layout_loops_ring
D:2:      layout_basic, interstate_on_off, nrook_mini_backslash, minmay_between,
          uniq_robin, uniq_natasha
D:3:      gammafunk_steamed_eel, layout_rooms,
          mainiacjoe_overflow_six_doors_small, serial_shops, shop,
          minmay_misc_feat_tiny, kennysheep_boxes, uniq_grinder
D:4:      layout_rooms, kennysheep_little_box, temple_pool_b
Temple:   nicolae_temple_figure_eight

Skill      XL: |  1  2  3  4  5  6 |
---------------+-------------------+-----
Axes           | 4 5 6 7 |  7.9
Fighting       | |  3.0
Dodging        | |  3.0

Action                     |  1- 3 |  4- 6 |  7- 9 || total
---------------------------+-------+-------+-------++-------
  Melee: Hand axe          |    93 |   183 |    69 ||   345
  Throw: Dart              |       |     4 |       ||     4
  Evoke: Wand              |       |     1 |       ||     1
    Use: Potion            |     1 |     2 |     6 ||     9
         Scroll            |       |     5 |     1 ||     6
 Armour: Robe              |    12 |    15 |       ||    27
         Scale mail        |       |    35 |    11 ||    46
         Plate armour      |       |       |    32 ||    32
  Dodge: Dodged            |    56 |    92 |    20 ||   168
